Map: Paladino Terminal LE

Players

Rurry - Winner!

  • Race: Terran Terran
  • League: Silver
  • Spawn Location: 9:00

BIGFLLA

  • Race: Protoss Protoss
  • League: Silver
  • Spawn Location: 5:00

VOD

Have the link to the VOD?

Description

Time

  • Played on: March 21, 2017, 6:19 a.m.
  • Length: 8:45
Show
View Real Time Build Order
Export as new Build Order

Rurry Terran - Winner!

Build Orders: MMM Bio 

Get SALT Encoding   

  12  0:00  SCV  
  13  0:12  SCV  
  14  0:19  Supply Depot  
  14  0:25  SCV  
  15  0:30  Refinery  
  15  0:43  Barracks  
  15  0:47  SCV  
  16  0:55  Refinery  
  16  0:59  SCV  
  17  1:11  SCV  
  18  1:24  SCV  
  19  1:31  Supply Depot  
  19  1:36  Orbital Command  
  19  1:42  Marine  
  20  1:54  Factory  
  20  2:02  SCV  
  21  2:14  SCV  
  22  2:22  Barracks Reactor  
  22  2:26  SCV  
  23  2:39  Starport  
  23  2:41  SCV  
  24  2:49  Supply Depot  
  24  2:53  SCV  
  25  2:58  Command Center  
  25  3:05  SCV  
  26  3:09  Widow Mine  
  26  3:11  Widow Mine  
  30  3:13  Barracks Tech Lab  
  30  3:18  Medivac  
  32  3:34  Barracks  
  32  3:35  Stimpack  
  32  3:36  Marine  
  33  3:48  Barracks  
  33  3:54  SCV  
  34  3:55  Starport Reactor  
  34  3:59  Factory Reactor  
  34  4:02  Marauder  
  36  4:06  SCV  
  37  4:10  Orbital Command  
  37  4:18  SCV  
  38  4:29  Orbital Command  
  38  4:31  SCV, Engineering Bay  
  39  4:40  Marine  
  39  4:41  Marine  
  39  4:42  Barracks Tech Lab, Medivac  
  43  4:46  Barracks  
  43  4:49  Marauder  
  45  5:00  SCV x2  
  47  5:07  Terran Infantry Weapons Level 1  
  47  5:09  Combat Shields  
  47  5:11  Marauder  
  49  5:29  Medivac  
  49  5:30  Marauder  
  49  5:31  Marine  
  54  5:35  Supply Depot  
  54  5:40  Supply Depot  
  54  5:50  Command Center  
  54  5:53  Supply Depot  
  54  5:57  Marine, SCV  
  54  5:59  Supply Depot  
  56  6:17  Supply Depot  
  56  6:20  SCV  
  56  6:21  SCV  
  56  6:24  Marauder x2  
  62  6:26  Marine x2  
  65  6:32  SCV  
  65  6:33  SCV  
  64  6:45  Marauder x2  
  66  6:50  Command Center  
  66  6:51  Marine x3, Refinery  
  66  6:52  Marine  
  70  7:05  Orbital Command  
  70  7:07  Marauder x2  
  74  7:10  Medivac  
  74  7:11  Medivac  
  78  7:25  Refinery  
  78  7:28  Marauder, SCV x2  
  82  7:32  Marauder  
  82  7:33  Marine x3  
  82  7:34  Marine  
  88  7:40  Armory, Medivac  
  90  7:47  SCV x2  
  90  7:48  SCV  
  90  7:49  Marauder  
  95  7:54  Marauder  
  97  8:08  Marine x3  
  97  8:09  Marine  
  97  8:11  Marauder  
  103  8:15  Factory Tech Lab, Marauder  
  103  8:18  Orbital Command  
  103  8:19  Command Center  
  105  8:26  Marine x2  
Show
View Real Time Build Order
Export as new Build Order

BIGFLLA Protoss 

Build Orders:  

Get SALT Encoding   

  12  0:01  Probe (Chrono Boost)  
  13  0:11  Probe (Chrono Boost)  
  14  0:19  Pylon  
  14  0:23  Probe (Chrono Boost)  
  15  0:39  Gateway  
  15  0:42  Probe (Chrono Boost)  
  16  0:55  Probe (Chrono Boost)  
  17  1:01  Assimilator  
  17  1:05  Probe (Chrono Boost)  
  18  1:16  Probe (Chrono Boost)  
  19  1:27  Probe (Chrono Boost)  
  20  1:34  Cybernetics Core  
  20  1:40  Probe (Chrono Boost)  
  21  1:47  Nexus  
  21  1:58  Pylon  
  21  2:04  Probe (Chrono Boost)  
  22  2:09  Assimilator  
  22  2:14  Probe (Chrono Boost)  
  22  2:24  Stalker  
  22  2:25  Probe (Chrono Boost)  
  25  2:38  Twilight Council  
  25  2:47  Warp Gate  
  25  2:54  Probe (Chrono Boost)  
  26  3:04  Stalker  
  29  3:06  Probe (Chrono Boost)  
  29  3:08  Probe (Chrono Boost)  
  30  3:19  Probe x2 (Chrono Boost), Forge  
  32  3:31  Assimilator  
  32  3:33  Probe (Chrono Boost)  
  34  3:34  Probe (Chrono Boost)  
  34  3:37  Assimilator  
  34  3:44  Probe (Chrono Boost)  
  34  3:46  Probe (Chrono Boost)  
  34  3:48  Stalker  
  38  3:51  Resonating Glaives  
  38  3:52  Protoss Ground Weapons Level 1  
  38  3:54  Mothership Core (Chrono Boost)  
  41  4:04  Probe (Chrono Boost)  
  41  4:13  Probe (Chrono Boost)  
  41  4:16  Probe (Chrono Boost)  
  32  4:48  Pylon  
  32  4:51  Pylon  
  28  5:02  Sentry  
  30  5:12  Robotics Facility  
  30  5:18  Robotics Facility  
  30  5:23  Pylon  
  26  5:29  Gateway  
  26  5:37  Protoss Ground Armor Level 1  
  26  5:46  Probe (Chrono Boost)  
  26  5:49  Mothership Core (Chrono Boost)  
  26  5:59  Probe (Chrono Boost)  
  26  6:00  Observer  
  28  6:05  Observer  
  19  6:26  Stalker x2  
  23  6:48  Observer x2  
  25  6:56  Probe x2 (Chrono Boost)  
  27  7:07  Probe (Chrono Boost)  
  29  7:08  Probe (Chrono Boost)  
  29  7:18  Probe (Chrono Boost)  
  29  7:20  Probe (Chrono Boost)  
  31  7:29  Probe (Chrono Boost)  
  32  7:31  Stalker  
  32  7:33  Probe (Chrono Boost)  
  35  7:38  Observer x2  
  35  7:40  Probe (Chrono Boost)  
  38  7:57  Stalker  
  40  8:05  Observer x2, Stalker  
  44  8:24  Stalker  
  38  8:39  Stalker  
Tags
 
Composition
MMM Bio
Matchup
PvT
Replay Pack
3.21
Spawn Locations
Cross Positions
Add a new tag
Caveats
  • Supply blocks, unpowered buildings, or Contaminate may cause inaccurate times.
  • Supply counts are checked every 10 seconds.